Map: Acid Plant LE

Players

Tiny - Winner!

  • Race: Zerg Zerg
  • League: Diamond
  • Spawn Location: 5:00

Hydeen

  • Race: Protoss Protoss
  • League: Platinum
  • Spawn Location: 11:00

VOD

Have the link to the VOD?

Description

First time trying protoss vs friend

Time

  • Played on: Sept. 25, 2018, 8:05 a.m.
  • Length: 6:33
Show
View Real Time Build Order
Export as new Build Order

Tiny Zerg - Winner!

Build Orders: Pool First 

Get SALT Encoding   

  12  0:00  Drone  
  13  0:08  Drone  
  14  0:16  Overlord  
  14  0:35  Drone x3  
  17  0:51  Spawning Pool  
  16  0:59  Extractor  
  15  1:14  Drone  
  15  1:15  Hatchery  
  15  1:25  Drone  
  16  1:26  Extractor  
  16  1:30  Drone  
  16  1:31  Drone  
  17  1:39  Drone  
  18  1:52  Roach Warren  
  17  2:02  Drone x2  
  19  2:17  Queen  
  21  2:32  Roach  
  23  2:38  Roach  
  23  2:43  Queen  
  27  2:50  Overlord  
  27  2:57  Overlord  
  27  3:19  Roach  
  27  4:47  Spawning Pool  
  26  5:05  Extractor  
  25  5:18  Hatchery  
  24  5:35  Roach Warren, Queen  
  25  5:55  Spine Crawler  
Show
View Real Time Build Order
Export as new Build Order

Hydeen Protoss 

Build Orders:  

Get SALT Encoding   

  12  0:01  Probe  
  13  0:09  Probe  
  14  0:18  Probe  
  14  0:26  Pylon  
  15  1:01  Pylon  
  15  1:21  Gateway  
  15  1:22  Gateway  
  15  1:25  Gateway  
  15  1:26  Gateway  
  15  1:49  Pylon  
  15  2:04  Zealot x2  
  15  2:12  Zealot  
  15  2:13  Zealot  
  23  2:27  Zealot x2  
  27  2:39  Zealot  
  30  3:30  Forge  
  30  4:09  Photon Cannon  
  30  4:10  Photon Cannon  
  30  4:13  Photon Cannon  
  26  5:14  Photon Cannon  
  26  5:33  Gateway  
  26  5:35  Gateway  
  26  5:40  Assimilator  
  26  5:42  Pylon  
  26  5:43  Assimilator  
  26  5:44  Pylon  
  26  6:05  Photon Cannon  
  26  6:06  Photon Cannon  
  26  6:08  Photon Cannon  
  26  6:10  Photon Cannon  
  24  6:12  Photon Cannon  
Tags
 
Add a new tag
Caveats
  • Supply blocks, unpowered buildings, or Contaminate may cause inaccurate times.
  • Supply counts are checked every 10 seconds.